[ AOE2 MATCH · #506687465 ]
UnrankedWu vs Aztecs
Player's team · LOSS
Rival team · WIN
[ REPLAY ANALYSIS · EXTRACTED FROM THE RECORDED GAME ]
Feudal
8:33
Castle
—
Imperial
—
| APM avg | 69.3 |
| APM peak | 112 |
| eAPM avg | 24.1 |
| Villagers / military | 67 / 43 |
Focus
⚔️ 27.1% · 🌾 72.9%
Skirmisher ×32 · Militia ×7 · Archer ×4
Feudal
10:25
Castle
31:00
Imperial
—
| APM avg | 62.1 |
| APM peak | 93 |
| eAPM avg | 30.5 |
| Villagers / military | 34 / 49 |
Focus
⚔️ 52.0% · 🌾 48.0%
Militia ×15 · Eagle Scout ×15 · Skirmisher ×11 · Archer ×8
Match map
Initial resources + every placement click. Lines = walls · curves = elevation contours. ◆ gold · ⬟ stone · ● berries · ✦ relic · ◌ wall gap
Your base· Open — 2t gap
Philippvs II's base· Open — 2t gap
Smoothed initial terrain · ◌ = detected wall gap · hover for details
Inputs per minute
— Mescal - - Philippvs II
Build order — Mescal
First 150 of 160 actions detected
| 0:00 | Queue | Villager (Male) |
| 0:00 | Queue | Villager (Male) |
| 0:00 | Queue | Villager (Male) |
| 0:02 | Build | House |
| 0:04 | Build | House |
| 0:10 | Queue | Villager (Male) |
| 0:11 | Queue | Villager (Male) |
| 1:25 | Queue | Villager (Male) |
| 1:25 | Queue | Villager (Male) |
| 1:42 | Queue | Villager (Male) |
| 1:51 | Build | Lumber Camp |
| 2:15 | Queue | Villager (Male) |
| 2:50 | Queue | Villager (Male) |
| 2:50 | Queue | Villager (Male) |
| 3:21 | Queue | Villager (Male) |
| 3:21 | Queue | Villager (Male) |
| 3:21 | Queue | Villager (Male) |
| 3:27 | Build | House |
| 3:54 | Queue | Villager (Male) |
| 4:27 | Queue | Villager (Male) |
| 4:43 | Queue | Villager (Male) |
| 4:44 | Queue | Villager (Male) |
| 5:25 | Build | Barracks |
| 5:39 | Queue | Villager (Male) |
| 5:53 | Research | Loom |
| 6:23 | Research | Feudal Age |
| 6:27 | Build | House |
| 7:10 | Queue | Villager (Male) |
| 7:11 | Queue | Militia |
| 7:11 | Queue | Militia |
| 7:47 | Queue | Villager (Male) |
| 8:27 | Build | House |
| 8:33 | Age | Feudal Age |
| 8:43 | Build | Blacksmith |
| 8:49 | Queue | Villager (Male) |
| 9:38 | Build | Mining Camp |
| 10:12 | Queue | Villager (Male) |
| 10:12 | Queue | Villager (Male) |
| 10:13 | Queue | Villager (Male) |
| 10:34 | Queue | Villager (Male) |
| 11:04 | Queue | Villager (Male) |
| 11:15 | Build | Archery Range |
| 11:43 | Queue | Villager (Male) |
| 12:19 | Queue | Villager (Male) |
| 12:19 | Queue | Villager (Male) |
| 12:21 | Queue | Skirmisher |
| 12:22 | Queue | Skirmisher |
| 13:07 | Queue | Skirmisher |
| 13:07 | Queue | Skirmisher |
| 13:18 | Build | House |
| 13:49 | Queue | Villager (Male) |
| 13:49 | Queue | Villager (Male) |
| 13:49 | Queue | Villager (Male) |
| 13:56 | Build | Mill |
| 14:18 | Queue | Villager (Male) |
| 14:18 | Queue | Villager (Male) |
| 14:21 | Queue | Villager (Male) |
| 14:21 | Queue | Villager (Male) |
| 14:21 | Queue | Villager (Male) |
| 14:48 | Queue | Skirmisher |
| 14:54 | Build | House |
| 15:05 | Build | Mill |
| 15:30 | Research | Padded Archer Armor |
| 15:57 | Queue | Villager (Male) |
| 15:57 | Queue | Villager (Male) |
| 16:20 | Queue | Skirmisher |
| 16:20 | Queue | Skirmisher |
| 16:45 | Queue | Skirmisher |
| 16:48 | Build | Market |
| 17:33 | Research | Fletching |
| 17:33 | Research | Fletching |
| 17:36 | Queue | Skirmisher |
| 17:40 | Queue | Villager (Male) |
| 17:43 | Build | House |
| 17:43 | Build | House |
| 17:44 | Build | House |
| 18:51 | Build | Farm |
| 18:51 | Build | Farm |
| 18:51 | Build | Farm |
| 18:52 | Build | Farm |
| 18:52 | Build | Farm |
| 18:52 | Build | Farm |
| 18:52 | Build | Farm |
| 18:53 | Build | Farm |
| 18:53 | Build | Farm |
| 18:53 | Build | Farm |
| 19:46 | Queue | Skirmisher |
| 20:27 | Queue | Skirmisher |
| 20:28 | Queue | Skirmisher |
| 20:28 | Queue | Villager (Male) |
| 20:29 | Queue | Villager (Male) |
| 20:32 | Build | Farm |
| 20:34 | Build | Farm |
| 20:53 | Queue | Villager (Male) |
| 20:53 | Queue | Villager (Male) |
| 20:53 | Queue | Villager (Male) |
| 21:03 | Build | Mill |
| 21:16 | Build | House |
| 21:20 | Queue | Skirmisher |
| 21:20 | Queue | Skirmisher |
| 21:40 | Queue | Villager (Male) |
| 21:41 | Queue | Villager (Male) |
| 21:56 | Queue | Skirmisher |
| 22:00 | Build | Archery Range |
| 22:20 | Queue | Skirmisher |
| 22:20 | Queue | Skirmisher |
| 22:35 | Queue | Villager (Male) |
| 22:36 | Queue | Villager (Male) |
| 22:36 | Queue | Villager (Male) |
| 22:36 | Queue | Villager (Male) |
| 22:48 | Queue | Archer |
| 22:48 | Queue | Archer |
| 22:59 | Queue | Skirmisher |
| 22:59 | Queue | Skirmisher |
| 23:25 | Queue | Skirmisher |
| 23:25 | Queue | Skirmisher |
| 23:28 | Build | House |
| 23:49 | Queue | Skirmisher |
| 23:49 | Queue | Skirmisher |
| 24:29 | Queue | Skirmisher |
| 24:29 | Queue | Skirmisher |
| 24:30 | Queue | Villager (Male) |
| 24:30 | Queue | Villager (Male) |
| 24:36 | Queue | Archer |
| 24:36 | Queue | Villager (Male) |
| 24:36 | Queue | Villager (Male) |
| 25:44 | Queue | Archer |
| 25:45 | Queue | Skirmisher |
| 25:45 | Queue | Skirmisher |
| 26:07 | Queue | Skirmisher |
| 26:08 | Queue | Villager (Male) |
| 26:08 | Queue | Villager (Male) |
| 26:08 | Queue | Villager (Male) |
| 26:20 | Build | Mining Camp |
| 26:55 | Build | Farm |
| 26:56 | Queue | Villager (Male) |
| 26:56 | Queue | Villager (Male) |
| 27:02 | Research | Double-Bit Axe |
| 28:03 | Queue | Villager (Male) |
| 28:09 | Research | Horse Collar |
| 28:11 | Build | Farm |
| 28:13 | Build | Farm |
| 28:24 | Queue | Villager (Male) |
| 28:26 | Build | Farm |
| 29:17 | Queue | Skirmisher |
| 29:17 | Queue | Skirmisher |
| 29:18 | Queue | Skirmisher |
| 29:18 | Queue | Skirmisher |
| 29:19 | Queue | Villager (Male) |
| 29:19 | Queue | Villager (Male) |
Build order — Philippvs II
First 150 of 164 actions detected
| 0:01 | Queue | Villager (Male) |
| 0:02 | Queue | Villager (Male) |
| 0:05 | Build | House |
| 0:06 | Build | House |
| 0:09 | Queue | Villager (Male) |
| 0:10 | Queue | Villager (Male) |
| 0:10 | Queue | Villager (Male) |
| 0:14 | Build | House |
| 1:29 | Queue | Villager (Male) |
| 2:04 | Queue | Villager (Male) |
| 2:11 | Build | House |
| 2:44 | Queue | Villager (Male) |
| 2:45 | Build | Barracks |
| 3:00 | Build | House |
| 3:08 | Queue | Villager (Male) |
| 3:19 | Build | House |
| 3:25 | Research | Loom |
| 3:39 | Queue | Militia |
| 3:39 | Queue | Militia |
| 3:41 | Queue | Militia |
| 3:59 | Queue | Militia |
| 4:10 | Queue | Villager (Male) |
| 4:33 | Queue | Militia |
| 4:44 | Queue | Villager (Male) |
| 5:03 | Queue | Militia |
| 5:13 | Queue | Villager (Male) |
| 5:37 | Queue | Villager (Male) |
| 5:54 | Queue | Villager (Male) |
| 6:08 | Queue | Villager (Male) |
| 6:41 | Build | Lumber Camp |
| 6:50 | Queue | Villager (Male) |
| 7:30 | Build | House |
| 7:47 | Queue | Villager (Male) |
| 7:59 | Build | Outpost |
| 8:15 | Research | Feudal Age |
| 8:16 | Research | Feudal Age |
| 9:23 | Build | Mining Camp |
| 9:44 | Build | House |
| 10:02 | Build | Palisade Gate |
| 10:16 | Build | Palisade Wall |
| 10:25 | Age | Feudal Age |
| 10:29 | Research | Man-at-Arms (upgrade) |
| 10:37 | Build | Archery Range |
| 10:42 | Queue | Villager (Male) |
| 10:44 | Queue | Militia |
| 11:10 | Queue | Villager (Male) |
| 11:21 | Build | Watch Tower |
| 11:38 | Queue | Archer |
| 11:50 | Build | House |
| 11:51 | Build | Palisade Wall |
| 12:13 | Build | House |
| 12:23 | Build | Watch Tower |
| 12:28 | Queue | Archer |
| 12:49 | Queue | Archer |
| 12:51 | Build | House |
| 12:53 | Build | Palisade Wall |
| 12:54 | Build | Palisade Wall |
| 12:55 | Build | Palisade Wall |
| 12:57 | Queue | Archer |
| 13:06 | Queue | Skirmisher |
| 13:30 | Queue | Archer |
| 13:44 | Queue | Villager (Male) |
| 13:49 | Research | Double-Bit Axe |
| 14:10 | Queue | Eagle Scout |
| 14:22 | Build | Mining Camp |
| 14:42 | Queue | Villager (Male) |
| 14:45 | Build | Mill |
| 14:48 | Queue | Eagle Scout |
| 15:05 | Build | Blacksmith |
| 15:06 | Queue | Villager (Male) |
| 15:14 | Queue | Archer |
| 15:31 | Build | Farm |
| 15:32 | Queue | Villager (Male) |
| 15:43 | Queue | Skirmisher |
| 15:47 | Build | House |
| 16:00 | Queue | Skirmisher |
| 16:09 | Queue | Skirmisher |
| 16:14 | Build | Farm |
| 16:15 | Build | Farm |
| 16:16 | Build | Farm |
| 16:18 | Build | Farm |
| 16:20 | Build | Farm |
| 16:21 | Build | Farm |
| 16:55 | Build | Farm |
| 17:15 | Queue | Villager (Male) |
| 17:17 | Queue | Eagle Scout |
| 17:26 | Queue | Skirmisher |
| 17:46 | Build | Farm |
| 17:49 | Research | Fletching |
| 17:58 | Queue | Skirmisher |
| 18:02 | Build | House |
| 18:53 | Queue | Archer |
| 18:55 | Build | Barracks |
| 19:13 | Research | Scale Mail Armor |
| 19:14 | Queue | Villager (Male) |
| 19:17 | Queue | Eagle Scout |
| 19:19 | Queue | Archer |
| 19:45 | Queue | Militia |
| 20:26 | Build | Farm |
| 20:27 | Queue | Villager (Male) |
| 20:29 | Queue | Eagle Scout |
| 20:39 | Queue | Militia |
| 20:41 | Queue | Villager (Male) |
| 20:58 | Research | Forging |
| 21:03 | Build | Farm |
| 21:06 | Build | Lumber Camp |
| 21:10 | Build | Market |
| 21:35 | Queue | Militia |
| 22:01 | Queue | Militia |
| 22:24 | Queue | Villager (Male) |
| 23:09 | Queue | Villager (Male) |
| 23:14 | Build | Watch Tower |
| 23:17 | Queue | Skirmisher |
| 23:17 | Queue | Eagle Scout |
| 23:25 | Queue | Villager (Male) |
| 23:43 | Queue | Eagle Scout |
| 23:46 | Queue | Skirmisher |
| 23:52 | Research | Arson |
| 24:06 | Queue | Skirmisher |
| 24:44 | Queue | Skirmisher |
| 25:16 | Build | House |
| 25:21 | Build | Farm |
| 25:21 | Build | Farm |
| 25:22 | Build | Farm |
| 25:23 | Research | Horse Collar |
| 25:24 | Build | Farm |
| 25:24 | Build | Farm |
| 25:25 | Build | Farm |
| 25:27 | Queue | Villager (Male) |
| 25:28 | Queue | Villager (Male) |
| 25:29 | Build | Farm |
| 25:46 | Queue | Skirmisher |
| 25:47 | Research | Padded Archer Armor |
| 25:48 | Queue | Villager (Male) |
| 25:51 | Build | Lumber Camp |
| 25:52 | Build | Farm |
| 26:07 | Build | Barracks |
| 26:21 | Build | Farm |
| 26:24 | Queue | Villager (Male) |
| 26:27 | Build | Farm |
| 26:30 | Build | Farm |
| 26:39 | Build | Lumber Camp |
| 27:33 | Build | Mining Camp |
| 27:59 | Build | Watch Tower |
| 28:20 | Research | Castle Age |
| 28:25 | Queue | Eagle Scout |
| 28:25 | Queue | Eagle Scout |
| 28:38 | Build | Farm |
| 28:47 | Queue | Militia |
| 28:47 | Queue | Eagle Scout |
Match timeline
| 2:45 | Philippvs II · first_building Barracks |
| 5:25 | Mescal · first_building Barracks |
| 8:33 | Mescal · age_up feudal |
| 10:16 | Philippvs II · wall_segment Palisade Wall x1 |
| 10:25 | Philippvs II · age_up feudal |
| 10:37 | Philippvs II · first_building Archery Range |
| 11:15 | Mescal · first_building Archery Range |
| 11:51 | Philippvs II · wall_segment Palisade Wall x1 |
| 12:53 | Philippvs II · wall_segment Palisade Wall x1 |
| 12:54 | Philippvs II · wall_segment Palisade Wall x3 |
| 12:55 | Philippvs II · wall_segment Palisade Wall x3 |
| 17:30 | Mescal · first_market_sell 100 wood |
| 28:20 | Philippvs II · first_market_buy 100 food |
| 31:00 | Philippvs II · age_up castle |
| 31:18 | Mescal · resign |
[ AI ANALYSIS · 1 CREDIT ]
What really happened in this match?
Wolo.gg analyzes every decision: build order, eco, micro, common mistakes by bracket. Personalized analysis on WhatsApp or Discord in 30 seconds.
Civ guide
Wu
Perfil
Jugador #4853771